AoeStats
← darador86

Arena

508782228Analyzed
4v4 RM · 10d ago on Sep 24, 2026· 53m 32s· 8 players
Game mode
Random Map
Map size
Large (8 player)
Population
200
Speed
Normal
Resources
Standard
Victory
Conquest
Starting age
Dark Age
Ending age
Imperial Age
RankedLock teamsTeams togetherTeam positionsShared explorationLock speedFull tech treeHidden civsTurbo modeCheats
Victory
Defeat
🇦🇷 Portuguese · Argentina
853
+13
🇺🇸 Varangians · United States
832
+14
🇨🇱 Cumans · Chile
784
+16
🇦🇷 Huns · Argentina
714
+18
🇱🇧 Malians · Lebanon
871
-19
🇺🇸 Persians · United States
777
-15
🇺🇸 Slavs · United States
775
-23
🇨🇴 Celts · Colombia
707
-12
WHIRLYBIRDER
11:01 Feudal Age
12:04 Double-Bit Axe
16:07 Wheelbarrow
16:47 Town Watch
19:24 Castle Age
17:53 Stone Mining
21:51 Bow Saw
21:25 Horse Collar
22:44 Heavy Plow
25:05 Hand Cart
26:04 Gold Mining
27:24 Gold Shaft Mining
27:26 Stone Shaft Mining
27:46 Fletching
28:24 Forging
28:19 Scale Barding Armor
28:46 Loom
29:02 Town Patrol
31:00 Thumb Ring
30:51 Bodkin Arrow
30:57 Padded Archer Armor
31:52 Kamandaran
32:23 Crossbowman
33:20 Leather Archer Armor
35:55 Iron Casting
35:41 Chain Barding Armor
35:44 Ballistics
36:26 Bloodlines
39:16 Imperial Age
38:58 Cavalier
39:40 Husbandry
40:43 Blast Furnace
40:19 Plate Barding Armor
40:39 Conscription
41:38 Savar
41:50 Heavy Camel Rider
EarthTuna14240
11:44 Feudal Age
13:07 Wheelbarrow
14:11 Gold Mining
14:09 Double-Bit Axe
17:11 Horse Collar
24:59 Castle Age
26:54 Gold Shaft Mining
26:23 Heavy Plow
28:41 Bow Saw
29:19 Squires
32:58 Pikeman
36:00 Man-at-Arms
38:36 Caravan
40:05 Guard Tower
40:26 Fortified Wall
43:55 Scale Mail Armor
50:00 Masonry
EL THANOS
0:37 Loom
12:00 Feudal Age
12:43 Double-Bit Axe
18:16 Castle Age
17:09 Stone Mining
17:01 Horse Collar
20:45 Bow Saw
21:34 Heavy Plow
24:46 Gold Mining
26:58 Gold Shaft Mining
32:45 Imperial Age
31:19 Stronghold
34:31 Chemistry
33:52 Ballistics
34:20 Wheelbarrow
34:29 Caravan
34:22 Town Watch
36:03 Furor Celtica
36:12 Heavy Scorpion
38:46 Padded Archer Armor
38:37 Fletching
38:58 Forging
38:48 Scale Mail Armor
39:38 Hand Cart
38:59 Capped Ram
42:57 Siege Engineers
43:03 Masonry
42:34 Siege Ram
44:07 Coinage
43:47 Guilds
44:12 Town Patrol
Wanted Wolf
12:20 Feudal Age
10:38 Loom
12:24 Feudal Age
17:36 Castle Age
15:25 Double-Bit Axe
15:30 Horse Collar
16:33 Gold Mining
23:08 Imperial Age
22:12 Bow Saw
24:53 Chemistry
24:33 Wheelbarrow
26:59 Wheelbarrow
28:15 Hand Cart
28:46 Town Watch
30:10 Heavy Plow
42:54 Scale Barding Armor
43:00 Forging
43:46 Heavy Camel Rider
45:37 Stone Mining
46:26 Iron Casting
47:22 Husbandry
47:35 Bloodlines
50:55 Chain Barding Armor
jcarroll10
11:35 Feudal Age
10:52 Loom
13:03 Double-Bit Axe
15:45 Castle Age
13:39 Horse Collar
17:09 Bow Saw
17:35 Heavy Plow
24:22 Arson
26:02 Squires
26:05 Scale Mail Armor
38:29 Imperial Age
36:37 Wheelbarrow
36:56 Chain Mail Armor
36:52 Forging
38:30 Pikeman
39:10 Capped Ram
39:41 Elite Varangian Guard
41:17 Conscription
42:37 Plate Mail Armor
42:43 Iron Casting
43:41 Scale Barding Armor
43:17 Gothikon
44:41 Bloodlines
44:32 Husbandry
44:11 Cavalier
44:42 Light Cavalry
45:28 Hussar
45:57 Vendel Legacy
mateakd2013
10:15 Feudal Age
14:52 Castle Age
14:49 Double-Bit Axe
15:12 Horse Collar
16:33 Bow Saw
19:16 Heavy Plow
20:18 Wheelbarrow
19:32 Loom
19:33 Town Watch
24:26 Gold Mining
24:28 Stone Mining
25:41 Hand Cart
25:27 Town Patrol
25:53 Pikeman
26:50 Forging
26:40 Scale Mail Armor
30:01 Imperial Age
27:23 Treadmill Crane
28:17 Chain Mail Armor
28:37 Iron Casting
28:57 Stone Shaft Mining
29:34 Ballistics
29:08 Fletching
29:53 Masonry
31:47 Chemistry
31:18 Architecture
30:33 Halberdier
32:10 Iron Casting
32:06 Plate Mail Armor
32:50 Sanctity
32:56 Scale Barding Armor
33:52 Blast Furnace
33:16 Bloodlines
33:06 Husbandry
34:08 Cavalier
42:07 Elite Organ Gun
43:59 Chain Barding Armor
43:35 Bodkin Arrow
45:02 Conscription
44:43 Arquebus
46:21 Plate Barding Armor
45:47 Bracer
49:47 Siege Engineers
50:03 Bombard Tower
darador86
12:28 Feudal Age
13:16 Double-Bit Axe
13:15 Horse Collar
18:35 Castle Age
16:44 Gold Mining
16:57 Stone Mining
20:12 Heavy Plow
21:18 Bow Saw
24:15 Wheelbarrow
23:26 Town Watch
25:42 Caravan
27:46 Town Patrol
28:31 Gold Shaft Mining
30:54 Imperial Age
31:33 Forging
31:14 Fletching
31:25 Padded Archer Armor
31:25 Scale Mail Armor
31:30 Scale Barding Armor
31:49 Ballistics
31:25 Murder Holes
31:40 Masonry
31:53 Husbandry
32:06 Bloodlines
32:19 Marauders
32:40 Conscription
32:36 Elite Tarkan
35:03 Chemistry
36:20 Two-Man Saw
36:39 Parthian Tactics
39:00 Heavy Cavalry Archer
43:30 Leather Archer Armor
43:10 Bodkin Arrow
HenryDxebec
10:16 Feudal Age
10:55 Double-Bit Axe
10:51 Horse Collar
17:10 Gold Mining
18:45 Wheelbarrow
22:02 Castle Age
20:22 Stone Mining
23:29 Hand Cart
23:25 Heavy Plow
23:37 Bow Saw
24:12 Gold Shaft Mining
23:55 Pikeman
24:36 Squires
24:59 Forging
26:40 Capped Ram
29:00 Iron Casting
28:30 Scale Barding Armor
31:23 Scale Mail Armor
31:43 Chain Barding Armor
35:28 Imperial Age
33:40 Heated Shot
34:08 Chain Mail Armor
33:54 Padded Archer Armor
33:44 Fletching
35:51 Bloodlines
35:46 Steppe Husbandry
36:14 Elite Steppe Lancer
37:17 Conscription
36:59 Cuman Mercenaries
37:13 Elite Kipchak
38:14 Conscription
39:08 Siege Ram
39:11 Halberdier
41:08 Blast Furnace
41:15 Chemistry
43:20 Plate Barding Armor
43:01 Leather Archer Armor
Connection lost

Rejoining the realm…

Still unreachable

The connection could not be restored.

Session expired

The server has moved on; the page needs a fresh start.